 Dungeon Crawl Stone Soup version 0.30-a0-1018-g25214051b3 (webtiles) character file.

Game seed: 8543897789954792883

238 Zeldest the Covert (level 5, -2/31 HPs)
             Began as a Vampire Delver on Apr 8, 2023.
             Slain by a bullfrog (4 damage)
             ... on level 7 of the Dungeon.
             The game lasted 00:03:08 (369 turns).

Zeldest the Covert (Vampire Delver)                  Turns: 369, Time: 00:03:08

Health: -2/31      AC:  3    Str:  9 (11) XL:     5   Next: 78%
Magic:  5/5        EV: 12    Int: 11 (13) God:
Gold:   32         SH:  0    Dex: 15 (17) Spells: 4/4 levels left

rFire   . . .      SeeInvis +    a - +0 short sword
rCold   + + .      Faith    .    (no shield)
rNeg    + + +      Spirit   .    b - +0 leather armour
rPois   ∞          Reflect  .    (no helmet)
rElec   .          Rampage  .    (no cloak)
rCorr   .                        (no gloves)
Will    .....                    (no boots)
Stlth   ++++++                   f - amulet of magic regeneration
HPRegen 0.00/turn                (no ring)
MPRegen 0.49/turn                (no ring)

@: brilliant, bloodless, inhibited regen
A: bloodless, fangs 3, see invisible, vampiric 2
a: Bat Form, Revivify


You were on level 7 of the Dungeon.
You visited 1 branch of the dungeon, and saw 5 of its levels.

You collected 32 gold pieces.

Inventory:

Hand Weapons
 a - a +0 short sword (weapon)
Armour
 b - a +0 leather armour (worn)
Jewellery
 f - an amulet of magic regeneration (around neck)
Wands
 g - a wand of digging (3)
Scrolls
 c - a scroll of fog
 e - a scroll of fear
 j - a scroll of vulnerability


   Skills:
 - Level 2.6 Fighting
 + Level 4.2 Short Blades
 - Level 2.1 Dodging
 * Level 10.4 Stealth


You had 4 spell levels left.
You didn't know any spells.
Your spell library contained the following spells:

 Spells                   Type           Power      Damage    Failure   Level
 Apportation              Tloc           0%         N/A       45%         1
 Necrotise                Necr           0%         1d4       45%         1
 Summon Small Mammal      Summ           0%         N/A       45%         1


Dungeon Overview and Level Annotations

Branches:
Dungeon (7/15) Zot: 26974
 Temple: D:4-7

Altars:

Shops:
D:6 !

Annotations:
D:5 Prince Ribbit


Innate Abilities, Weirdness & Mutations

You do not regenerate when monsters are visible.
You are frail without blood (-20% HP).
You can heal yourself when you bite living creatures.
You are immune to poison.
You have razor-sharp teeth.
You have supernaturally acute eyesight. (SInv)
You are afflicted with vampirism and can become a bat while bloodless.


Message History

The phantom is lightly damaged.
You hit the phantom.
The phantom is lightly damaged.
The phantom closely misses you.
You hit the phantom but do no damage. Your bite misses the phantom.
The phantom is lightly damaged.
The phantom hits you.
You hit the phantom but do no damage.
The phantom is lightly damaged.
The phantom misses you.
It was a potion of brilliance.
You feel clever all of a sudden. The phantom hits you.
* * * LOW HITPOINT WARNING * * *
The phantom blinks!
You blink.
Okay, then.
As you read the scroll labelled RETTAO GEZISIM, it crumbles to dust.
It is a scroll of identify.
j - a scroll of vulnerability The phantom completely misses you.
You aren't carrying any potions.
Unknown command.
Okay, then.
You turn into a vampire bat.
Your +0 short sword melds into your body.
Your +0 leather armour melds into your body.
You feel weakened.
You feel dopey.
You feel clumsy. The phantom hits you.
* * * LOW HITPOINT WARNING * * *
The phantom blinks!
You blink.
You see here a +0 robe.
There is a stone staircase leading down here.
You fly downwards.
There is a stone staircase leading up here.
You feel less batty.
Your +0 short sword unmelds from your body.
Your +0 leather armour unmelds from your body.
You hit the bullfrog but do no damage. Your punch misses the bullfrog.
The bullfrog hits you.
You die...

.#.. ... ..#
..# #.# .. #.##
#.# ### #..#..#
.....####F....#
#..<@.##.##
##.#...#.#
#.#.....#
.##.....# #.
#..###.#
..#...# ##
..#....#
#......#
##.=....


You could see a bullfrog.

Vanquished Creatures
  A scorpion (D:5)
  An electric eel (D:6)
  2 sleepcaps (D:6)
  3 iguanas
  An adder (D:5)
  An ufetubus (D:6)
9 creatures vanquished.

Notes
Turn   | Place    | Note
-------+----------+-------------------------------------------
     0 | D:5      | Zeldest the Vampire Delver began the quest for the Orb.
     0 | D:5      | Reached XP level 1. HP: 17/17 MP: 1/1
    15 | D:5      | Noticed an iguana
    26 | D:5      | Killed an iguana
    27 | D:5      | Reached skill level 8 in Stealth
    27 | D:5      | Reached XP level 2. HP: 18/18 MP: 2/2
   107 | D:5      | Gained mutation: You are afflicted with vampirism and can
                  | become a bat while bloodless. [Vampire growth]
   107 | D:5      | Reached XP level 3. HP: 22/22 MP: 3/3
   123 | D:5      | Noticed a scorpion
   136 | D:5      | Noticed Prince Ribbit
   150 | D:5      | Killed a scorpion
   151 | D:5      | Reached skill level 9 in Stealth
   151 | D:5      | Reached XP level 4. HP: 27/27 MP: 4/4
   153 | D:5      | Noticed a black bear
   166 | D:5      | Noticed a kobold brigand
   197 | D:6      | Reached XP level 5. HP: 27/31 MP: 5/5
   232 | D:6      | Reached skill level 10 in Stealth
   252 | D:6      | Found Xatinnep's Distillery.
   312 | D:6      | Noticed a phantom
   356 | D:6      | HP: 1/31 [phantom (4)]
   369 | D:7      | Slain by a bullfrog

Illustrated notes

Levels and vault maps discovered:
D:3:      layout_basic, uniq_ijyb
D:4:      layout_cave_pods, gammafunk_temple_overflow_statue, elyvilon_altar_5,
          uniq_eustachio
D:5:      layout_rooms, abandoned_shop, uniq_prince_ribbit1
D:6:      layout_cave_pools, minmay_misc_feat_four_crosses, serial_bayou_ford_a,
          nicolae_wooded_promenade, uniq_sigmund
D:7:      layout_layer_cave, minmay_temple_entry_hall, corexii_leaking_fountain,
          uniq_maggie

Skill      XL: |  1  2  3  4  5 |
---------------+----------------+-----
Stealth        | 8 9 10 | 10.4
Short Blades   | 3 4 |  4.2
Fighting       | |  2.6
Dodging        | |  2.1

Action                     |  1- 3 |  4- 6 || total
---------------------------+-------+-------++-------
  Melee: Short sword       |     3 |    25 ||    28
         Bite              |       |     3 ||     3
         Punch             |       |     1 ||     1
Ability: Exsanguinate      |     1 |       ||     1
         End Transformatio |       |     1 ||     1
         Bat Form          |       |     1 ||     1
    Use: Potion            |       |     2 ||     2
         Scroll            |       |     3 ||     3
   Stab: Sleeping          |     3 |     5 ||     8
 Armour: Leather armour    |       |     1 ||     1
  Dodge: Dodged            |       |    11 ||    11

Table legend: (Time is in decaauts)
 A = Elapsed time spent in this place.
 B = Non-inter-level travel time spent in this place.
 C = Inter-level travel time spent in this place.
 D = Time resting spent in this place.
 E = Time spent auto-exploring this place.
 F = Levels seen in this place.
 G = Mean time per level.
                   A        B        C        D        E       F      G
               +--------+--------+--------+--------+--------+-----+--------+
         Total |    348 |    348 |      0 |      0 |      0 |   5 |   69.6 |
       Dungeon |    348 |    348 |      0 |      0 |      0 |   5 |   69.6 |
               +--------+--------+--------+--------+--------+-----+--------+

Top non-repeatable levels by time:
     D:6: 162 daAuts
     D:5: 152 daAuts
     D:4: 21 daAuts
     D:7: 10 daAuts
     D:3: 1 daAuts
